AoeStats
← 亮有一计如此如此

Arena

506112995Analyzed
4v4 RM · 20d ago on Sep 12, 2026· 37m 18s· 8 players
Game mode
Random Map
Map size
Large (8 player)
Population
200
Speed
Normal
Resources
Standard
Victory
Conquest
Starting age
Dark Age
Ending age
Imperial Age
RankedLock teamsTeams togetherTeam positionsShared explorationLock speedFull tech treeHidden civsTurbo modeCheats
Victory
Defeat
🇯🇵 Burgundians · Japan
1073
+16
🇦🇺 Mongols · Australia
1016
+18
🇦🇺 Malay · Australia
1003
+19
🇹🇼 Bohemians · Taiwan
996
+19
🇨🇳 Hindustanis · China
1110
-21
🇪🇸 Poles · Spain
1064
-18
🇺🇸 Spanish · United States
1040
-17
1029
-16
Khmer Kardashian
8:40 Loom
10:25 Feudal Age
11:52 Town Watch
16:10 Castle Age
14:18 Double-Bit Axe
14:58 Horse Collar
18:08 Wheelbarrow
23:07 Heavy Plow
25:30 Town Watch
26:37 Stone Mining
26:37 Gold Mining
27:15 Bow Saw
28:11 Forging
31:12 Bloodlines
31:56 Murder Holes
32:15 Fortified Wall
32:30 Scale Barding Armor
32:25 Light Cavalry
33:06 Husbandry
33:30 Masonry
33:35 Gold Mining
36:20 Iron Casting
|GaoeG| Ratarax
12:36 Feudal Age
16:30 Castle Age
14:52 Double-Bit Axe
15:07 Loom
16:13 Horse Collar
19:57 Wheelbarrow
22:58 Bow Saw
22:50 Heavy Plow
25:53 Fletching
30:58 Imperial Age
30:04 Scale Barding Armor
30:10 Forging
30:16 Szlachta Privileges
31:23 Bloodlines
31:38 Chain Barding Armor
31:44 Hand Cart
31:16 Cavalier
33:37 Iron Casting
36:24 Blast Furnace
飞鱼
11:13 Feudal Age
16:34 Castle Age
14:46 Double-Bit Axe
14:58 Horse Collar
15:33 Stone Mining
17:55 Wheelbarrow
18:23 Bow Saw
23:32 Scale Mail Armor
25:43 Chain Mail Armor
26:36 Forging
31:23 Imperial Age
30:39 Heavy Plow
30:29 Loom
30:53 Crossbowman
31:40 Padded Archer Armor
31:41 Fletching
33:23 Chemistry
32:49 Conscription
33:46 Shatagni
亮有一计如此如此
10:43 Feudal Age
14:14 Castle Age
13:46 Double-Bit Axe
14:54 Horse Collar
17:56 Loom
19:39 Wheelbarrow
21:03 Bow Saw
23:40 Heavy Plow
25:28 Hand Cart
25:05 Town Watch
26:26 Fletching
26:36 Padded Archer Armor
29:27 Imperial Age
27:19 Padded Archer Armor
28:23 Ballistics
28:33 Yeomen
28:49 Husbandry
28:11 Light Cavalry
29:34 Bodkin Arrow
29:54 Leather Archer Armor
29:43 Town Patrol
30:35 Conscription
31:53 Bracer
31:58 Scale Barding Armor
33:16 Chemistry
32:22 Siege Engineers
33:54 Scale Mail Armor
34:15 Chain Barding Armor
34:06 Forging
36:03 Chain Mail Armor
36:23 Plate Barding Armor
36:04 Chain Mail Armor
36:24 Plate Barding Armor
35:13 Pikeman
168kcal
10:16 Feudal Age
8:40 Double-Bit Axe
9:51 Horse Collar
10:53 Wheelbarrow
14:53 Castle Age
13:35 Bow Saw
13:55 Stone Mining
13:53 Loom
15:05 Heavy Plow
16:02 Gold Mining
21:27 Two-Man Saw
27:08 Crop Rotation
27:16 Gold Shaft Mining
27:17 Stone Shaft Mining
29:21 Imperial Age
27:05 Scale Barding Armor
27:30 Forging
27:57 Hand Cart
27:28 Town Watch
28:32 Chain Barding Armor
28:15 Husbandry
28:06 Cavalier
29:59 Iron Casting
30:43 Plate Barding Armor
32:30 Blast Furnace
31:50 Burgundian Vineyards
32:10 Paladin
33:14 Conscription
38:05 Guilds
Superfarmer
11:10 Feudal Age
9:25 Loom
15:50 Castle Age
14:34 Double-Bit Axe
14:40 Horse Collar
22:58 Wheelbarrow
22:36 Bow Saw
23:32 Heavy Plow
23:56 Fervor
26:06 Chemistry
26:14 Padded Archer Armor
26:57 Hand Cart
27:18 Leather Archer Armor
27:05 Town Watch
27:05 Treadmill Crane
27:46 Ballistics
27:23 Murder Holes
32:08 Imperial Age
29:49 Fletching
30:53 Scale Mail Armor
31:03 Forging
30:21 Pikeman
31:02 Squires
30:47 Arson
31:52 Elite Skirmisher
32:30 Bodkin Arrow
33:23 Masonry
33:47 Conscription
33:56 Halberdier
34:55 Bracer
36:18 Ring Archer Armor
Mick The Brick
9:33 Feudal Age
10:44 Feudal Age
11:34 Double-Bit Axe
14:57 Castle Age
16:46 Bow Saw
16:38 Gold Mining
18:21 Horse Collar
20:12 Heavy Plow
21:44 Gold Shaft Mining
22:44 Wheelbarrow
22:21 Husbandry
24:12 Scale Barding Armor
24:18 Forging
24:52 Bloodlines
25:49 Chain Barding Armor
25:41 Stone Mining
29:27 Hand Cart
28:58 Loom
28:59 Town Watch
30:09 Fletching
30:19 Padded Archer Armor
30:59 Iron Casting
31:48 Bodkin Arrow
33:20 Fortified Wall
33:21 Masonry
33:32 Ballistics
37:06 Imperial Age
36:15 Padded Archer Armor
37:24 Leather Archer Armor
nathan.maloney222
10:55 Feudal Age
10:27 Horse Collar
18:42 Castle Age
17:21 Forging
27:51 Iron Casting
40:28 Imperial Age
Connection lost

Rejoining the realm…

Still unreachable

The connection could not be restored.

Session expired

The server has moved on; the page needs a fresh start.